 Dungeon Crawl Stone Soup version 0.30.1-3-gfc49f6343a (webtiles) character file.

Game seed: 6793412578072816534

93 KyoPewz the Cudgeller (level 4, -9/44 HPs)
             Began as an Ogre Gladiator on July 30, 2023.
             Mangled by an ogre
             ... wielding a +0 giant club
              (21 damage)
             ... on level 3 of the Dungeon.
             The game lasted 00:04:09 (2134 turns).

KyoPewz the Cudgeller (Ogre Gladiator)              Turns: 2134, Time: 00:04:09

Health: -9/44      AC:  3    Str: 20    XL:     4   Next: 61%
Magic:  4/4        EV: 10    Int:  9    God:
Gold:   108        SH:  0    Dex: 10    Spells: 3/3 levels left

rFire   . . .        a - +0 flail
rCold   . . .        (no shield)
rNeg    . . .        b - +0 robe
rPois   .            c - +0 hat
rElec   .            (no cloak)
rCorr   .            (gloves unavailable)
SInv    .            (boots unavailable)
Will    .....        (no amulet)
Stlth   +            (no ring)
HPRegen 0.27/turn    (no ring)
MPRegen 0.09/turn

%: no passive effects
@: no status effects
A: large, unfitting armour, tough skin 1
a: no special abilities


You were on level 3 of the Dungeon.
You visited 1 branch of the dungeon, and saw 3 of its levels.

You collected 108 gold pieces.

Inventory:

Hand Weapons
 a - a +0 flail (weapon)
Missiles
 d - 3 throwing nets
 i - 29 stones (quivered)
 v - 4 poisoned darts
Armour
 b - a +0 robe (worn)
 c - a +0 hat (worn)
Scrolls
 h - a scroll of vulnerability {unknown}
 j - a scroll of torment {unknown}
 l - 5 scrolls of identify {unknown}
 n - 2 scrolls of fear {unknown}
 p - a scroll of enchant weapon {unknown}
 q - a scroll of immolation {unknown}
 r - a scroll of silence {unknown}
 u - a scroll of enchant armour {unknown}
Potions
 f - 2 potions of invisibility {unknown}
 g - 2 potions of curing {unknown}
 k - 2 potions of mutation {unknown}
 m - 2 potions of haste {unknown}
 o - a potion of magic {unknown}
 s - 2 potions of heal wounds {unknown}
 t - a potion of degeneration {unknown}


   Skills:
 - Level 2.6 Fighting
 + Level 3.8 Maces & Flails
 + Level 3.5 Throwing
 - Level 2.6 Dodging


You had 3 spell levels left.
You didn't know any spells.
Your spell library contained the following spells:

 Spells                   Type           Power      Damage    Failure   Level
 Summon Small Mammal      Summ           0%         N/A       38%         1
 Call Canine Familiar     Summ           0%         N/A       77%         3
 Summon Guardian Golem    Hex/Summ       0%         N/A       77%         3
 Leda's Liquefaction      Hex/Erth       0%         N/A       99%         4
 Lee's Rapid Deconstruct  Erth           0%         3d4*      100%        5
 Statue Form              Tmut/Erth      0%         N/A       100%        6
 Orb of Destruction       Conj           0%         9d5       100%        7
 Spellforged Servitor     Conj/Summ      0%         N/A       100%        7


Dungeon Overview and Level Annotations

Branches:
Dungeon (3/15)

Altars:

Shops:
D:3 (


Innate Abilities, Weirdness & Mutations

You are too large for most types of armour.
You have tough skin. (AC +1)


Message History

No target in view!
A frilled lizard comes into view.
The frilled lizard hisses angrily.
The frilled lizard moves out of view.
There is an escape hatch in the ceiling here.
A mysterious force pulls you upwards. The hatch slams shut behind you.
There is a stone staircase leading down here.
You climb downwards.
There is a stone staircase leading up here.
A goblin is nearby!
You barely miss the goblin. The goblin misses you.
You barely miss the goblin. The goblin hits you with a +0 dagger.
You take 2 damage, and have 42/44 hp.
You closely miss the goblin. The goblin barely misses you.
The goblin hits you but does no damage.
You sock the goblin!
You kill the goblin!
No target in view!
No target in view!
HP restored.
Found a stone staircase leading up.
Health restored: 44 An ogre comes into view.
It is wielding a +0 giant club.
The ogre shouts!
You barely miss the ogre. The ogre hits you with a +0 giant club!
You take 15 damage, and have 29/44 hp.
MASSIVE DAMAGE!!
Throw: large rock
Press: ? - help, Shift-Dir - straight line, f - ogre
Aim: an ogre, wielding a +0 giant club (73% to hit)
You throw a large rock. The large rock hits the ogre.
The ogre is lightly wounded.
The ogre barely misses you.
You hit the ogre.
The ogre is lightly wounded.
The ogre hits you with a +0 giant club!!
* * * LOW HITPOINT WARNING * * *
You take 18 damage, and have 12/44 hp.
MASSIVE DAMAGE!!
The ogre attacks as you move away!
The ogre hits you with a +0 giant club!!
You die...

.#####...........
#.#.# #...........
###.#.# ##..##.###..
...#.######..##.# #.#
.<..........##.# #.#
...#######.##.# #.#
..#### #.##.# #.#
#.O..# #.##.# #<# #@#
.# #.##)###.#
#.##.####.#...##.#
#.................
#.##..######.#.#.##.#
#.........##.#..###.#
####..###.##.#.## #.#
#..###.##.#.# #.#
#.........#.####.#
##.###.......)...#


You could see an ogre.

Vanquished Creatures
  Jessica (D:2)
  A gnoll (D:1)
  A worm (D:2)
  3 dart slugs
  2 endoplasms
  5 goblins
  2 hobgoblins (D:1)
  4 quokkas
  9 ball pythons
  10 bats
  4 frilled lizards
  5 kobolds
  6 rats
53 creatures vanquished.

Notes
Turn   | Place    | Note
-------+----------+-------------------------------------------
     0 | D:1      | KyoPewz the Ogre Gladiator began the quest for the Orb.
     0 | D:1      | Reached XP level 1. HP: 22/22 MP: 1/1
   141 | D:1      | Reached XP level 2. HP: 29/29 MP: 2/2
   588 | D:1      | Reached XP level 3. HP: 25/36 MP: 3/3
  1276 | D:2      | Found the +18 Lear's hauberk
  1462 | D:2      | Found a faded altar of an unknown god.
  1463 | D:2      | Noticed Jessica
  1484 | D:2      | Killed Jessica
  1485 | D:2      | Reached XP level 4. HP: 38/44 MP: 4/4
  2055 | D:3      | Found Udonk's Antique Weapon Emporium.
  2130 | D:3      | Noticed an ogre
  2134 | D:3      | Mangled by an ogre

Illustrated notes

Levels and vault maps discovered:
D:1:      ncdulo_halloftheorcs, layout_rooms, serial_co_window_serial,
          co_window_of_opportunity_a, co_window_paths_a, co_window_paths_a,
          co_window_of_opportunity_a, co_window_cross_1,
          co_window_of_opportunity_b, co_window_broadway_a,
          co_window_of_opportunity_c, co_window_2corner, co_window_corner_cb,
          co_window_4corner_b, glass_columns_b, glass_columns_b,
          glass_columns_a, glass_columns_c, glass_columns_b,
          corexii_item_surrounded_by_moat
D:2:      layout_rooms, hellmonk_ecumenical_altar_lost_god, kennysheep_potato,
          uniq_jessica
D:3:      layout_loops_ring, lemuel_doored_altar, serial_shops,
          nicolae_diamond_shop

Skill      XL: |  1  2  3 |
---------------+----------+-----
Maces & Flails | 3 |  3.8
Throwing       | 3 |  3.5
Fighting       | |  2.6
Dodging        | |  2.6

Action                     |  1- 3 |  4- 6 || total
---------------------------+-------+-------++-------
  Melee: Flail             |   126 |    57 ||   183
  Throw: Large rock        |     2 |     1 ||     3
         Stone             |    12 |     5 ||    17
   Stab: Sleeping          |       |     1 ||     1
 Armour: Robe              |    74 |    24 ||    98
  Dodge: Dodged            |    91 |    36 ||   127
